 Dungeon Crawl Stone Soup version 0.21-a0-529-g8c7b3f5 (webtiles) character file.

23 slep the Chopper (level 2, -4/22 HPs)
             Began as a Demonspawn Gladiator on Dec 11, 2017.
             Slain by a howler monkey (5 damage)
             ... on level 2 of the Dungeon.
             The game lasted 00:02:23 (1144 turns).

slep the Chopper (Demonspawn Gladiator)             Turns: 1144, Time: 00:02:24

Health: -4/22      AC:  4    Str: 14    XL:     2   Next: 75%
Magic:  2/2        EV: 12    Int:  9    God:
Gold:   107        SH:  0    Dex: 14    Spells: 1/1 levels left

rFire    . . .     SeeInvis .   a - +0 war axe
rCold    . . .     Gourm    .   (no shield)
rNeg     . . .     Faith    .   b - +0 leather armour
rPois    .         Spirit   .   c - +0 helmet
rElec    .         Reflect  .   (no cloak)
rCorr    .         Harm     .   (no gloves)
MR       .....                  (no boots)
Stlth    +.........             (no amulet)
HPRegen  0.07/turn              (no ring)
MPRegen  0.08/turn              (no ring)

@: drained
A: demonic guardian 1
a: no special abilities


You were on level 2 of the Dungeon.
You were not hungry.

You visited 1 branch of the dungeon, and saw 2 of its levels.

You collected 107 gold pieces.

Inventory:

Hand Weapons
 a - a +0 war axe (weapon)
Missiles
 d - 3 throwing nets (quivered)
Armour
 b - a +0 leather armour (worn)
 c - a +0 helmet (worn)
Jewellery
 e - an uncursed ring of protection from fire {unknown}
Scrolls
 g - 3 scrolls of blinking {unknown}
 h - 2 scrolls of remove curse {unknown}
 i - a scroll of teleportation {unknown}
Potions
 j - a potion of heal wounds {unknown}
 l - a potion of brilliance {unknown}
Comestibles
 f - a bread ration
 k - 2 meat rations
 m - a chunk of flesh


   Skills:
 + Level 2.0(1.4) Fighting
 + Level 3.2(2.5) Axes
 + Level 1.7(1.1) Throwing
 + Level 0.4(0.0) Armour
 + Level 3.0(2.4) Dodging


You had one spell level left.
You didn't know any spells.

Dungeon Overview and Level Annotations

Branches:
Dungeon (2/15)

Altars:


Innate Abilities, Weirdness & Mutations

A weak demonic guardian rushes to your aid.


Message History

You kill the goblin!
Things that are here:
a dagger of draining; a goblin corpse You butcher the goblin corpse.
m - 2 chunks of flesh You see here a dagger of draining.
Eating one of 2 chunks of flesh.
You eat one of the 2 chunks of flesh.
This raw flesh tastes terrible.
A howler monkey comes into view.
The howler monkey howls!
The howler monkey hoots and howls with incredible vigour!
You hear a shout!
You closely miss the howler monkey. The howler monkey hits you.
The howler monkey misses you.
You barely miss the howler monkey. The howler monkey hits you.
* * * LOW HITPOINT WARNING * * *
The howler monkey hits you.
* * * LOW HITPOINT WARNING * * *
You closely miss the howler monkey. The howler monkey hits you.
You die...

.# #.### ### #... ..#
#..# . #.# #..# ... #.#
#..#.....#..
#.###5###..........
#...h@....### .#.#.
####.####.#.. ....# #.#
#.#.##.#..# #.#
#.#.#..#..# #.#
#.#.#.##..# ###.#
#.#.#.##..# ##.#.#
#.....)...#
####....########.#...##
+.......................+


You could see a howler monkey and a friendly iron imp.

Vanquished Creatures
  2 bats (D:1)
  A giant cockroach (D:1)
  4 goblins
  5 hobgoblins (D:1)
  2 kobolds (D:1)
  A quokka (D:2)
  A ball python (D:1)
  3 frilled lizards (D:1)
  A rat (D:1)
20 creatures vanquished.

Notes
Turn   | Place    | Note
-------+----------+-------------------------------------------
     0 | D:1      | slep the Demonspawn Gladiator began the quest for the Orb.
     0 | D:1      | Reached XP level 1. HP: 16/16 MP: 1/1
   406 | D:1      | Gained mutation: A weak demonic guardian rushes to your aid. [demonic ancestry]
   406 | D:1      | Reached XP level 2. HP: 21/22 MP: 2/2
  1138 | D:2      | Noticed a howler monkey
  1143 | D:2      | HP: 1/22 [howler monkey (4)]
  1144 | D:2      | Slain by a howler monkey

Vault maps used:
D:1:      denvon_arrival_planthouse
D:2:      lemuel_doored_altar, chequers_ecumenical_altar_grove

Skill      XL: |  1  2 |
---------------+-------+-----
Axes           | 3 |  3.2
Dodging        | 3 |  3.0
Fighting       | |  2.0
Throwing       | |  1.7
Armour         | |  0.4

Action                   || total
-------------------------++-------
Melee: War axe           ||    58
  Eat: Chunk             ||     1
Armor: Leather armour    ||    20
Dodge: Dodged            ||    35

Table legend:
 A = Spawn XP
 B = Non-spawn XP
 C = Spawn XP percentage of total XP
 D = Spawn monster count
 E = Non-spawn monster count
 F = Spawn count percentage of total count
 G = Total turns spent on level
                    A         B        C        D         E        F      G
               +---------+---------+-------+---------+---------+-------+---------
         Total |       0 |      34 |   0.0 |       0 |      20 |   0.0 |  1144
               +---------+---------+-------+---------+---------+-------+---------
           D:1 |       0 |      30 |   0.0 |       0 |      18 |   0.0 |  1094
           D:2 |       0 |       4 |   0.0 |       0 |       2 |   0.0 |    50
               +---------+---------+-------+---------+---------+-------+---------
